 Dungeon Sprint DCSS version 0.26-a0-753-g4680b4fa2e (webtiles) character file.

Game seed: 11484396224438845204

1164 Riddle the Nimble (level 8, -2/36 HPs)
             Began as a Spriggan Venom Mage on Nov 7, 2020.
             Was a Follower of Qazlal.
             Slain by a demonic crawler (12 damage)
             ... in the Dungeon (Sprint I: "Red Sonja").
             The game lasted 00:07:08 (1862 turns).

Riddle the Nimble (Spriggan Venom Mage)             Turns: 1862, Time: 00:07:09

Health: -2/36      AC:  2    Str:  4    XL:     8   Next: 17%
Magic:  6/24       EV: 28    Int: 19    God:    Qazlal [*.....]
Gold:   304        SH:  1    Dex: 16    Spells: 21/30 levels left

rFire    . . .     SeeInvis +   (weapon restricted)
rCold    . . .     Faith    .   (shield restricted)
rNeg     . . .     Spirit   .   a - +0 robe
rPois    .         Reflect  .   (helmet restricted)
rElec    .         Harm     +   j - scarf {harm}
rCorr    .         Rampage  .   (gloves unavailable)
MR       +....     NoTele   +   (boots unavailable)
Stlth    ++........             (no amulet)
HPRegen  0.12/turn              (no ring)
MPRegen  0.19/turn              (no ring)

@: very quick
A: very small, unfitting armour, see invisible, speed 3
a: Renounce Religion


You were in the Dungeon.
You worshipped Qazlal.
Qazlal was aware of your devotion.
You visited 1 branch You collected 421 gold pieces.
You spent 117 gold pieces at shops.

Inventory:

Armour
 a - a +0 robe (worn)
 j - a scarf of harm (worn)
Scrolls
 h - a scroll of blinking
Potions
 b - a potion of resistance {unknown}
 c - a potion of curing
 d - a potion of heal wounds
 e - a potion of haste
 f - 2 potions of magic
 g - a potion of berserk rage
 i - a potion of lignification {unknown}


   Skills:
 + Level 12.5 Dodging
 - Level 3.0 Stealth
 * Level 11.9 Spellcasting
 - Level 1.3 Transmutations
 + Level 3.3 Fire Magic
 - Level 5.0 Air Magic
 * Level 10.4 Poison Magic


You had 21 spell levels left.
You knew the following spells:

 Your Spells              Type           Power        Failure   Level
a - Sting                 Tmut/Pois      ####         1%          1
b - Poisonous Vapours     Pois/Air       #####.       1%          2
c - Mephitic Cloud        Conj/Pois/Air  ####....     2%          3
d - Ignite Poison         Fire/Tmut/Pois ####....     2%          3

Your spell library contained the following spells:

 Spells                   Type           Power        Failure   Level
 Olgreb's Toxic Radiance  Pois           ######..     1%          4


Dungeon Overview and Level Annotations

Branches:
Dungeon (1/1)

Altars:
Cheibriados
Dithmenos
Elyvilon
Fedhas
Gozag
Hepliaklqana
Kikubaaqudgha
Makhleb
Nemelex Xobeh
Okawaru
Qazlal
Ru
Sif Muna
Trog
Uskayaw
Vehumet
Wu Jian
Xom
Yredelemnul
Zin
The Shining One
Jiyva
Lugonu

Shops:
D [

Annotations:
D Sonja


Innate Abilities, Weirdness & Mutations

You are very small and have problems with some larger weapons.
You are too small for most types of armour.
You have supernaturally acute eyesight. (SInv)
You cover ground extremely quickly.


Message History

The demonic crawler is engulfed in blazing flames.
There is an open door here.
You see here a +0 leather armour.
There is a fountain of clear blue water here.
Casting: Ignite Poison (dangerous; 2% risk of failure)
Confirm with . or Enter, or press ? or * to list all spells.
Press: ? - help, Shift-Dir - straight line, p - demonic crawler The ball explodes into a vile cloud!
The stinking cloud engulfs the demonic crawler but does no damage.
The demonic crawler is severely wounded.
The stinking cloud engulfs you but does no damage.
Casting: Mephitic Cloud (dangerous; 2% risk of failure)
Confirm with . or Enter, or press ? or * to list all spells.
You ignite the poison in your surroundings!
The demonic crawler is engulfed in blazing flames.
The demonic crawler completely misses you.
The demonic crawler hits you!
* * * LOW HITPOINT WARNING * * *
The demonic crawler hits you!
You die...

###################
#<.#..'.)#..'..#__#
#..'..#..').#..'^.'
#..#####'#####'#__#
#..####..#...#[####
#§§#__####..##.#§§
#☼s#_____##'#_.+§§
#⌠@#_.∩...'..._#≈§
####_..__##_.#'# +
#_____###+#.#
####### #.### $.$


$K$ ##.## #+# You could see a demonic crawler.

Vanquished Creatures
  2 kobold demonologists (D)
  A slime creature (D)
  A yak (D)
  Sigmund (D)
  A floating eye (D)
  An ogre (D)
  A jelly (D)
  Ijyb (D)
9 creatures vanquished.

Vanquished Creatures (others)
  A gargoyle (D)
1 creature vanquished.

Grand Total: 10 creatures vanquished

Notes
Turn   | Place    | Note
-------+----------+-------------------------------------------
     0 | D        | Riddle the Spriggan Venom Mage began the quest for the Orb.
     0 | D        | Reached XP level 1. HP: 9/9 MP: 5/5
     1 | D        | Noticed Ijyb
    58 | D        | Killed Ijyb
    58 | D        | Reached skill level 5 in Dodging
    58 | D        | Reached XP level 2. HP: 10/13 MP: 0/8
   132 | D        | Noticed an ogre
   145 | D        | Killed an ogre
   145 | D        | Reached skill level 8 in Dodging
   145 | D        | Reached XP level 3. HP: 16/16 MP: 3/12
   145 | D        | Reached XP level 4. HP: 21/21 MP: 3/13
   226 | D        | Learned a level 2 spell: Poisonous Vapours
   241 | D        | Noticed Sigmund
   246 | D        | Killed Sigmund
   246 | D        | Reached skill level 9 in Dodging
   246 | D        | Reached XP level 5. HP: 24/24 MP: 3/16
   344 | D        | Found a burning altar of Makhleb.
   344 | D        | Found a viscous altar of Jiyva.
   344 | D        | Found a shimmering altar of Xom.
   344 | D        | Found a corrupted altar of Lugonu.
   344 | D        | Noticed a slime creature
   433 | D        | Killed a gargoyle
   589 | D        | Learned a level 3 spell: Mephitic Cloud
   593 | D        | Learned a level 3 spell: Ignite Poison
   667 | D        | Killed a slime creature
   667 | D        | Reached skill level 11 in Dodging
   667 | D        | Reached skill level 5 in Air Magic
   667 | D        | Reached XP level 6. HP: 28/28 MP: 6/19
   753 | D        | Found an ornate altar of the Wu Jian Council.
   753 | D        | Found a shimmering blue altar of Sif Muna.
   755 | D        | Found a radiant altar of Vehumet.
   855 | D        | Found Pattesid's Armour Emporium.
   855 | D        | Found an ancient bone altar of Kikubaaqudgha.
   855 | D        | Found a stormy altar of Qazlal.
   855 | D        | Found a blossoming altar of Fedhas.
   855 | D        | Found a bloodstained altar of Trog.
   855 | D        | Found an iron altar of Okawaru.
   855 | D        | Found a glowing golden altar of the Shining One.
   855 | D        | Found a glowing silver altar of Zin.
   855 | D        | Found a white marble altar of Elyvilon.
   855 | D        | Noticed a yak
   856 | D        | Found a hazy altar of Hepliaklqana.
   856 | D        | Found a hide-covered altar of Uskayaw.
   856 | D        | Found a sacrificial altar of Ru.
   949 | D        | Killed a yak
   949 | D        | Reached skill level 10 in Spellcasting
   949 | D        | Reached skill level 1 in Fire Magic
   949 | D        | Reached XP level 7. HP: 32/32 MP: 18/22
   983 | D        | Found a basalt altar of Yredelemnul.
   983 | D        | Found a snail-covered altar of Cheibriados.
   983 | D        | Found a shadowy altar of Dithmenos.
   984 | D        | Found an opulent altar of Gozag.
   985 | D        | Found a sparkling altar of Nemelex Xobeh.
   989 | D        | Bought a scarf of harm for 117 gold pieces
   996 | D        | Became a worshipper of Qazlal Stormbringer
  1001 | D        | Noticed Sonja
  1030 | D        | Noticed a kobold demonologist
  1034 | D        | Noticed a kobold demonologist
  1039 | D        | Noticed an orange demon
  1040 | D        | Killed a kobold demonologist
  1040 | D        | Reached skill level 12 in Dodging
  1094 | D        | Killed a kobold demonologist
  1094 | D        | Reached * piety under Qazlal
  1094 | D        | Reached skill level 10 in Poison Magic
  1094 | D        | Reached XP level 8. HP: 35/36 MP: 1/24
  1235 | D        | Noticed a demonic crawler
  1235 | D        | Noticed a demonic crawler
  1235 | D        | Noticed a demonic crawler
  1235 | D        | Noticed a demonic crawler
  1862 | D        | Slain by a demonic crawler

Illustrated notes

Levels and vault maps discovered:
D:        dungeon_sprint_1 [red_sonja_temple_1, red_sonja_temple_small_1]

Skill      XL: |  1  2  3  4  5  6  7 |
---------------+----------------------+-----
Dodging        | 5 8 9 11 12 | 12.5
Spellcasting   | 4 6 8 9 10 11 | 11.9
Poison Magic   | 4 6 7 8 9 10 | 10.4
Air Magic      | 3 5 |  5.0
Fire Magic     | 1 3 |  3.3
Stealth        | |  3.0
Transmutations | |  1.3

Action                   |  1- 3 |  4- 6 |  7- 9 || total
-------------------------+-------+-------+-------++-------
 Cast: Sting             |    11 |    31 |     7 ||    49
       Poisonous Vapours |       |    11 |     6 ||    17
       Ignite Poison     |       |     2 |     5 ||     7
       Mephitic Cloud    |       |       |     8 ||     8
Armor: Robe              |     1 |     1 |     1 ||     3
Dodge: Dodged            |     7 |     4 |    19 ||    30

Table legend: (Time is in decaauts)
 A = Elapsed time spent in this place.
 B = Non-inter-level travel time spent in this place.
 C = Inter-level travel time spent in this place.
 D = Time resting spent in this place.
 E = Time spent auto-exploring this place.
 F = Levels seen in this place.
 G = Mean time per level.
                   A        B        C        D        E       F      G
               +--------+--------+--------+--------+--------+-----+--------+
         Total |   1719 |   1719 |      0 |   1352 |     12 |   1 | 1719.0 |
       Dungeon |   1719 |   1719 |      0 |   1352 |     12 |   1 | 1719.0 |
               +--------+--------+--------+--------+--------+-----+--------+

Top non-repeatable levels by time:
       D: 1719 daAuts
